Workbook

Sheet 照合表
A1: 見積書・注文書・請求書 照合表（2026年9月分）
A2: 赤字＝3書類の間で値が食い違っている項目。金額は 数量×単価 の式、小計は各書類の合計（税抜）。元ファイル：照合/2026-09 の見積書・注文書・請求書 各案件A〜E
A4: 案件 | B4: 品名 | C4: 見積書 | F4: 注文書 | I4: 請求書 | L4: 判定 | O4: 食い違い内容（書類・行）
C5: 数量 | D5: 単価 | E5: 金額 | F5: 数量 | G5: 単価 | H5: 金額 | I5: 数量 | J5: 単価 | K5: 金額 | L5: 見積⇔注文 | M5: 注文⇔請求 | N5: 総合
A6: 案件A | B6: ポンプ設備一式 | C6: 2 | D6: 185000 | E6: =C6*D6 -> 370000 | F6: 2 | G6: 185000 | H6: =F6*G6 -> 370000 | I6: 2 | J6: 185000 | K6: =I6*J6 -> 370000 | L6: =IF(AND(C6=F6,D6=G6,E6=H6),"一致","不一致") -> 一致 | M6: =IF(AND(F6=I6,G6=J6,H6=K6),"一致","不一致") -> 一致 | N6: =IF(AND(L6="一致",M6="一致"),"一致","不一致") -> 一致
A7: 案件A | B7: 配管材料 | C7: 30 | D7: 4200 | E7: =C7*D7 -> 126000 | F7: 30 | G7: 4200 | H7: =F7*G7 -> 126000 | I7: 30 | J7: 4200 | K7: =I7*J7 -> 126000 | L7: =IF(AND(C7=F7,D7=G7,E7=H7),"一致","不一致") -> 一致 | M7: =IF(AND(F7=I7,G7=J7,H7=K7),"一致","不一致") -> 一致 | N7: =IF(AND(L7="一致",M7="一致"),"一致","不一致") -> 一致
A8: 案件A | B8: 電気配線工事 | C8: 1 | D8: 96000 | E8: =C8*D8 -> 96000 | F8: 1 | G8: 96000 | H8: =F8*G8 -> 96000 | I8: 1 | J8: 96000 | K8: =I8*J8 -> 96000 | L8: =IF(AND(C8=F8,D8=G8,E8=H8),"一致","不一致") -> 一致 | M8: =IF(AND(F8=I8,G8=J8,H8=K8),"一致","不一致") -> 一致 | N8: =IF(AND(L8="一致",M8="一致"),"一致","不一致") -> 一致
A9: 案件A | B9: 試運転調整費 | C9: 1 | D9: 35000 | E9: =C9*D9 -> 35000 | F9: 1 | G9: 35000 | H9: =F9*G9 -> 35000 | I9: 1 | J9: 35000 | K9: =I9*J9 -> 35000 | L9: =IF(AND(C9=F9,D9=G9,E9=H9),"一致","不一致") -> 一致 | M9: =IF(AND(F9=I9,G9=J9,H9=K9),"一致","不一致") -> 一致 | N9: =IF(AND(L9="一致",M9="一致"),"一致","不一致") -> 一致
A10: 案件A | B10: 合計（税抜） | E10: =SUM(E6:E9) -> 627000 | H10: =SUM(H6:H9) -> 627000 | K10: =SUM(K6:K9) -> 627000 | L10: =IF(E10=H10,"一致","不一致") -> 一致 | M10: =IF(H10=K10,"一致","不一致") -> 一致 | N10: =IF(AND(L10="一致",M10="一致"),"一致","不一致") -> 一致
A11: 案件B | B11: 空調機据付 | C11: 3 | D11: 240000 | E11: =C11*D11 -> 720000 | F11: 3 | G11: 240000 | H11: =F11*G11 -> 720000 | I11: 3 | J11: 240000 | K11: =I11*J11 -> 720000 | L11: =IF(AND(C11=F11,D11=G11,E11=H11),"一致","不一致") -> 一致 | M11: =IF(AND(F11=I11,G11=J11,H11=K11),"一致","不一致") -> 一致 | N11: =IF(AND(L11="一致",M11="一致"),"一致","不一致") -> 一致
A12: 案件B | B12: ダクト工事 | C12: 45 | D12: 6800 | E12: =C12*D12 -> 306000 | F12: 50 | G12: 6800 | H12: =F12*G12 -> 340000 | I12: 50 | J12: 6800 | K12: =I12*J12 -> 340000 | L12: =IF(AND(C12=F12,D12=G12,E12=H12),"一致","不一致") -> 不一致 | M12: =IF(AND(F12=I12,G12=J12,H12=K12),"一致","不一致") -> 一致 | N12: =IF(AND(L12="一致",M12="一致"),"一致","不一致") -> 不一致 | O12: 数量：見積書8行目 45、注文書8行目 50、請求書8行目 50
A13: 案件B | B13: 保温工事 | C13: 1 | D13: 128000 | E13: =C13*D13 -> 128000 | F13: 1 | G13: 128000 | H13: =F13*G13 -> 128000 | I13: 1 | J13: 128000 | K13: =I13*J13 -> 128000 | L13: =IF(AND(C13=F13,D13=G13,E13=H13),"一致","不一致") -> 一致 | M13: =IF(AND(F13=I13,G13=J13,H13=K13),"一致","不一致") -> 一致 | N13: =IF(AND(L13="一致",M13="一致"),"一致","不一致") -> 一致
A14: 案件B | B14: 合計（税抜） | E14: =SUM(E11:E13) -> 1154000 | H14: =SUM(H11:H13) -> 1188000 | K14: =SUM(K11:K13) -> 1188000 | L14: =IF(E14=H14,"一致","不一致") -> 不一致 | M14: =IF(H14=K14,"一致","不一致") -> 一致 | N14: =IF(AND(L14="一致",M14="一致"),"一致","不一致") -> 不一致
A15: 案件C | B15: 受変電設備更新 | C15: 1 | D15: 520000 | E15: =C15*D15 -> 520000 | F15: 1 | G15: 520000 | H15: =F15*G15 -> 520000 | I15: 1 | J15: 520000 | K15: =I15*J15 -> 520000 | L15: =IF(AND(C15=F15,D15=G15,E15=H15),"一致","不一致") -> 一致 | M15: =IF(AND(F15=I15,G15=J15,H15=K15),"一致","不一致") -> 一致 | N15: =IF(AND(L15="一致",M15="一致"),"一致","不一致") -> 一致
A16: 案件C | B16: ケーブル敷設 | C16: 120 | D16: 1350 | E16: =C16*D16 -> 162000 | F16: 120 | G16: 1350 | H16: =F16*G16 -> 162000 | I16: 120 | J16: 1350 | K16: =I16*J16 -> 162000 | L16: =IF(AND(C16=F16,D16=G16,E16=H16),"一致","不一致") -> 一致 | M16: =IF(AND(F16=I16,G16=J16,H16=K16),"一致","不一致") -> 一致 | N16: =IF(AND(L16="一致",M16="一致"),"一致","不一致") -> 一致
A17: 案件C | B17: 盤取付工事 | C17: 4 | D17: 48000 | E17: =C17*D17 -> 192000 | F17: 4 | G17: 48000 | H17: =F17*G17 -> 192000 | I17: 4 | J17: 48000 | K17: =I17*J17 -> 192000 | L17: =IF(AND(C17=F17,D17=G17,E17=H17),"一致","不一致") -> 一致 | M17: =IF(AND(F17=I17,G17=J17,H17=K17),"一致","不一致") -> 一致 | N17: =IF(AND(L17="一致",M17="一致"),"一致","不一致") -> 一致
A18: 案件C | B18: 諸経費 | C18: 1 | D18: 60000 | E18: =C18*D18 -> 60000 | F18: 1 | G18: 60000 | H18: =F18*G18 -> 60000 | I18: 1 | J18: 60000 | K18: =I18*J18 -> 60000 | L18: =IF(AND(C18=F18,D18=G18,E18=H18),"一致","不一致") -> 一致 | M18: =IF(AND(F18=I18,G18=J18,H18=K18),"一致","不一致") -> 一致 | N18: =IF(AND(L18="一致",M18="一致"),"一致","不一致") -> 一致
A19: 案件C | B19: 合計（税抜） | E19: =SUM(E15:E18) -> 934000 | H19: =SUM(H15:H18) -> 934000 | K19: =SUM(K15:K18) -> 934000 | L19: =IF(E19=H19,"一致","不一致") -> 一致 | M19: =IF(H19=K19,"一致","不一致") -> 一致 | N19: =IF(AND(L19="一致",M19="一致"),"一致","不一致") -> 一致
A20: 案件D | B20: 給水管更新工事 | C20: 1 | D20: 310000 | E20: =C20*D20 -> 310000 | F20: 1 | G20: 310000 | H20: =F20*G20 -> 310000 | I20: 1 | J20: 310000 | K20: =I20*J20 -> 310000 | L20: =IF(AND(C20=F20,D20=G20,E20=H20),"一致","不一致") -> 一致 | M20: =IF(AND(F20=I20,G20=J20,H20=K20),"一致","不一致") -> 一致 | N20: =IF(AND(L20="一致",M20="一致"),"一致","不一致") -> 一致
A21: 案件D | B21: バルブ類 | C21: 12 | D21: 15500 | E21: =C21*D21 -> 186000 | F21: 12 | G21: 15500 | H21: =F21*G21 -> 186000 | I21: 12 | J21: 16200 | K21: =I21*J21 -> 194400 | L21: =IF(AND(C21=F21,D21=G21,E21=H21),"一致","不一致") -> 一致 | M21: =IF(AND(F21=I21,G21=J21,H21=K21),"一致","不一致") -> 不一致 | N21: =IF(AND(L21="一致",M21="一致"),"一致","不一致") -> 不一致 | O21: 単価：見積書8行目 15,500、注文書8行目 15,500、請求書8行目 16,200
A22: 案件D | B22: 配管支持金物 | C22: 40 | D22: 2300 | E22: =C22*D22 -> 92000 | F22: 40 | G22: 2300 | H22: =F22*G22 -> 92000 | I22: 40 | J22: 2300 | K22: =I22*J22 -> 92000 | L22: =IF(AND(C22=F22,D22=G22,E22=H22),"一致","不一致") -> 一致 | M22: =IF(AND(F22=I22,G22=J22,H22=K22),"一致","不一致") -> 一致 | N22: =IF(AND(L22="一致",M22="一致"),"一致","不一致") -> 一致
A23: 案件D | B23: 養生・撤去費 | C23: 1 | D23: 45000 | E23: =C23*D23 -> 45000 | F23: 1 | G23: 45000 | H23: =F23*G23 -> 45000 | I23: 1 | J23: 45000 | K23: =I23*J23 -> 45000 | L23: =IF(AND(C23=F23,D23=G23,E23=H23),"一致","不一致") -> 一致 | M23: =IF(AND(F23=I23,G23=J23,H23=K23),"一致","不一致") -> 一致 | N23: =IF(AND(L23="一致",M23="一致"),"一致","不一致") -> 一致
A24: 案件D | B24: 合計（税抜） | E24: =SUM(E20:E23) -> 633000 | H24: =SUM(H20:H23) -> 633000 | K24: =SUM(K20:K23) -> 641400 | L24: =IF(E24=H24,"一致","不一致") -> 一致 | M24: =IF(H24=K24,"一致","不一致") -> 不一致 | N24: =IF(AND(L24="一致",M24="一致"),"一致","不一致") -> 不一致
A25: 案件E | B25: 換気扇設備 | C25: 6 | D25: 52000 | E25: =C25*D25 -> 312000 | F25: 6 | G25: 52000 | H25: =F25*G25 -> 312000 | I25: 6 | J25: 52000 | K25: =I25*J25 -> 312000 | L25: =IF(AND(C25=F25,D25=G25,E25=H25),"一致","不一致") -> 一致 | M25: =IF(AND(F25=I25,G25=J25,H25=K25),"一致","不一致") -> 一致 | N25: =IF(AND(L25="一致",M25="一致"),"一致","不一致") -> 一致
A26: 案件E | B26: ダクト材料 | C26: 25 | D26: 3900 | E26: =C26*D26 -> 97500 | F26: 25 | G26: 3900 | H26: =F26*G26 -> 97500 | I26: 25 | J26: 3900 | K26: =I26*J26 -> 97500 | L26: =IF(AND(C26=F26,D26=G26,E26=H26),"一致","不一致") -> 一致 | M26: =IF(AND(F26=I26,G26=J26,H26=K26),"一致","不一致") -> 一致 | N26: =IF(AND(L26="一致",M26="一致"),"一致","不一致") -> 一致
A27: 案件E | B27: 取付工事 | C27: 1 | D27: 88000 | E27: =C27*D27 -> 88000 | F27: 1 | G27: 88000 | H27: =F27*G27 -> 88000 | I27: 1 | J27: 88000 | K27: =I27*J27 -> 88000 | L27: =IF(AND(C27=F27,D27=G27,E27=H27),"一致","不一致") -> 一致 | M27: =IF(AND(F27=I27,G27=J27,H27=K27),"一致","不一致") -> 一致 | N27: =IF(AND(L27="一致",M27="一致"),"一致","不一致") -> 一致
A28: 案件E | B28: 合計（税抜） | E28: =SUM(E25:E27) -> 497500 | H28: =SUM(H25:H27) -> 497500 | K28: =SUM(K25:K27) -> 497500 | L28: =IF(E28=H28,"一致","不一致") -> 一致 | M28: =IF(H28=K28,"一致","不一致") -> 一致 | N28: =IF(AND(L28="一致",M28="一致"),"一致","不一致") -> 一致

Sheet 要確認案件
A1: 確認が要る案件の一覧
A2: どの書類の数字が正しいかは書類だけでは判断できないため、確認先・確認事項のみ記載しています。
A4: 案件 | B4: 食い違いの品名 | C4: 食い違い内容（書類・行） | D4: 見積書 合計(税抜) | E4: 注文書 合計(税抜) | F4: 請求書 合計(税抜) | G4: 請求−見積 差額 | H4: 確認してほしいこと
A5: 案件B | B5: ダクト工事 | C5: 数量：見積書8行目 45、注文書8行目 50、請求書8行目 50 | D5: =照合表!E14 -> 1154000 | E5: =照合表!H14 -> 1188000 | F5: =照合表!K14 -> 1188000 | G5: =F5-D5 -> 34000 | H5: 見積書から注文書で数量が45→50に変わっている。変更の合意（注文時の数量変更）があるか、注文書・請求書の50が正しいかを確認。見積書の差し替え要否も確認。
A6: 案件D | B6: バルブ類 | C6: 単価：見積書8行目 15,500、注文書8行目 15,500、請求書8行目 16,200 | D6: =照合表!E24 -> 633000 | E6: =照合表!H24 -> 633000 | F6: =照合表!K24 -> 641400 | G6: =F6-D6 -> 8400 | H6: 請求書の単価だけが見積書・注文書（15,500）と違う（16,200）。単価変更の合意があるか、請求書の誤りかを確認。誤りなら請求書の訂正が必要。
A8: 照合した案件数 | C8: 5
A9: 要確認の案件数 | C9: =COUNTA(A5:A6) -> 2
A10: 3書類とも一致 | C10: 案件A・案件C・案件E（全明細・合計が一致）
